 Dungeon Crawl Stone Soup version 0.31.0-11-ge490571c62 (webtiles) character file.

Game seed: 3974285104445501879

46 qw the Shooter (level 3, -5/20 HPs)
             Began as a Deep Elf Hunter on Feb 4, 2024.
             Slain by a gnoll
             ... wielding a +0 halberd
              (7 damage)
             ... on level 2 of the Dungeon.
             The game lasted 00:00:03 (950 turns).

qw the Shooter (Deep Elf Hunter)                     Turns: 950, Time: 00:00:03

Health: -5/20      AC:  5    Str: 10    XL:     3   Next: 46%
Magic:  5/5        EV: 11    Int: 13    God:
Gold:   39         SH:  0    Dex: 18    Spells: 2/2 levels left

rFire   . . .        a - +0 shortbow
rCold   . . .        (shield currently unavailable)
rNeg    . . .        f - +0 ring mail
rPois   .            (no helmet)
rElec   .            (no cloak)
rCorr   .            (no gloves)
SInv    .            (no boots)
Will    .....        (no amulet)
Stlth   +            (no ring)
HPRegen 0.23/turn    (no ring)
MPRegen 0.09/turn

%: no passive effects
@: about to teleport
A: no striking features
a: no special abilities


You were on level 2 of the Dungeon.
You visited 1 branch of the dungeon, and saw 2 of its levels.

You collected 39 gold pieces.


   Skills:
 - Level 1.5 Fighting
 + Level 7.0 Ranged Weapons
 - Level 2.4 Dodging
 - Level 1.2 Stealth


You had 2 spell levels left.
You didn't know any spells.
Your spell library was empty.

Inventory:

Hand Weapons
 a - a +0 shortbow (weapon)
Armour
 f - a +0 ring mail (worn)
Scrolls
 b - a scroll of brand weapon {unknown}
 d - a scroll of identify
Potions
 g - a potion of heal wounds

Dungeon Overview and Level Annotations

Branches:
Dungeon (2/15)

Altars:

Shops:
D:1 (

Annotations:
D:1 2 transporters


Message History

The adder is severely wounded.
You shoot an arrow. The arrow barely misses the adder.
The adder misses you. The adder bites you but does no damage.
You shoot an arrow. The arrow hits the adder.
You kill the adder!
Your Ranged Weapons skill increases to level 7!
Found a stone staircase leading up.
A rat and a gnoll come into view.
The gnoll shouts!
The rat squeaks loudly.
A gnoll comes into view. It is wielding a +0 flail.
A gnoll comes into view. It is wielding a +0 club.
The gnoll moves out of view.
The gnoll shouts!
You see here an amulet of reflection.
You shoot an arrow. The arrow barely misses the gnoll.
The arrow hits the rat.
You kill the rat!
You shoot an arrow.
The arrow hits the gnoll but does no damage.
A gnoll comes into view. It is wielding a +0 flail.
The gnoll moves out of view.
You shoot an arrow. The arrow closely misses the gnoll.
You hear a shout!
You shoot an arrow. The arrow hits the gnoll.
The gnoll is moderately wounded.
You shoot an arrow. The arrow closely misses the gnoll.
You shoot an arrow. The arrow hits the gnoll.
The gnoll is moderately wounded.
You shoot an arrow. The arrow hits the gnoll!
The gnoll is severely wounded.
The gnoll hits you with a +0 flail!
You shoot an arrow.
The arrow hits the gnoll but does no damage.
The gnoll is severely wounded.
The gnoll hits you with a +0 flail! The gnoll barely misses you.
950 ||| READING scroll of teleportation.
As you read the scroll of teleportation, it crumbles to dust.
You feel strangely unstable. The gnoll hits you but does no damage.
The gnoll hits you from afar with a +0 halberd!
You die... # #. .%##### .#.<.# .g..# gg.

#
###g##.#
#..@...#
#.#.####
####
#####.#.#
...#
#......##
.#.#
#.###.##
...#
##..#
#.##
##..##
#.# #...#
#.#
#.#..##


You could see 4 gnolls.

Vanquished Creatures
  An adder (D:2)
  A dart slug (D:1)
  2 endoplasms (D:1)
  7 goblins (D:1)
  3 jackals (D:1)
  5 quokkas (D:1)
  A ball python (D:1)
  6 bats (D:1)
  2 frilled lizards (D:1)
  4 kobolds
  A rat (D:2)
33 creatures vanquished.

Notes
Turn   | Place    | Note
-------+----------+-------------------------------------------
     0 | D:1      | qw the Deep Elf Hunter began the quest for the Orb.
     0 | D:1      | Reached XP level 1. HP: 12/12 MP: 3/3
     0 | D:1      | 0 ||| qw: Version: 0.3-a-160-g6735b56
     0 | D:1      | 0 ||| qw: Game counter: 5521
     0 | D:1      | 0 ||| qw: Melee chars always use a shield: true
     0 | D:1      | 0 ||| qw: God list: Okawaru
     0 | D:1      | 0 ||| qw: Allow faded altars: false
     0 | D:1      | 0 ||| qw: Do Orc after clearing Dungeon:15 true
     0 | D:1      | 0 ||| qw: Do second Lair branch before Depths: true
     0 | D:1      | 0 ||| qw: Lair rune preference: random
     0 | D:1      | 0 ||| qw: Goals: Normal
     0 | D:1      | 0 ||| PLANNING D:1-11
    48 | D:1      | Found a faded altar of an unknown god.
   184 | D:1      | Reached skill level 6 in Ranged Weapons
   184 | D:1      | Reached XP level 2. HP: 16/16 MP: 4/4
   417 | D:1      | Found Huupt's Weapon Emporium.
   433 | D:1      | 433 ||| SHOPLISTING +2 heavy shortbow (191 gold, have 23).
   447 | D:1      | Reached XP level 3. HP: 14/20 MP: 5/5
   822 | D:1      | 822 ||| UPGRADING to +0 ring mail.
   832 | D:1      | 832 ||| DROPPING +0 leather armour.
   833 | D:1      | 833 ||| READING 3 scrolls labelled LISONE DANAFF.
   833 | D:1      | 833 ||| IDENTIFYING glowing coppery potion
   834 | D:1      | 834 ||| READING 2 scrolls of identify.
   834 | D:1      | 834 ||| IDENTIFYING scroll labelled QUMANU KI GIZA
   835 | D:1      | 835 ||| DROPPING scroll of butterflies.
   929 | D:2      | Reached skill level 7 in Ranged Weapons
   949 | D:2      | HP: 2/20 [gnoll/+0 flail (9)]
   950 | D:2      | 950 ||| READING scroll of teleportation.
   950 | D:2      | Slain by a gnoll

Levels and vault maps discovered:
D:1:      spicycebolla_arrival_transporter_tutorial, layout_loops_ring,
          serial_shops, nicolae_shop_just_a_little_nook,
          hellmonk_ecumenical_altar_pennies_from_heaven
D:2:      layout_loops_ring, minmay_puff

Skill      XL: |  1  2  3 |
---------------+----------+-----
Ranged Weapons | 6 7 |  7.0
Fighting       | |  1.5
Dodging        | |  2.4
Stealth        | |  1.2

Action                     || total
---------------------------++-------
   Fire: Shortbow          ||    89
    Use: Scroll            ||     3
 Armour: Leather armour    ||    14
         Ring mail         ||     5
  Dodge: Dodged            ||    25

Table legend:
 A = Non-vault XP
 B = Vault XP
 C = Vault XP percentage of total XP
 D = Non-vault monster count
 E = Vault monster count
 F = Vault count percentage of total count
                 A         B        C        D         E       F
            +---------+---------+-------+---------+---------+-------
      Total |      67 |       0 |   0.0 |      33 |       0 |   0.0
            +---------+---------+-------+---------+---------+-------
        D:1 |      52 |       0 |   0.0 |      30 |       0 |   0.0
        D:2 |      15 |       0 |   0.0 |       3 |       0 |   0.0
            +---------+---------+-------+---------+---------+-------
